 Dungeon Crawl Stone Soup version 0.25.0-10-g039870ee82 (webtiles) character file.

Game seed: 6124311663141115912

291 Delamore the Cleaver (level 6, -10/51 HPs)
             Began as a Hill Orc Monk on June 22, 2020.
             Mangled by Menkaure (17 damage)
             ... on level 4 of the Dungeon.
             The game lasted 00:02:41 (3889 turns).

Delamore the Cleaver (Hill Orc Monk)                Turns: 3889, Time: 00:02:41

Health: -10/51     AC: 10    Str: 16    XL:     6   Next: 32%
Magic:  6/6        EV: 11    Int: 10    God:
Gold:   122        SH:  0    Dex: 13    Spells: 5/5 levels left

rFire    . . .     SeeInvis .   a - +0 hand axe
rCold    . . .     Gourm    .   (no shield)
rNeg     . . .     Faith    .   d - +0 ring mail
rPois    .         Spirit   .   (no helmet)
rElec    .         Reflect  .   n - +0 cloak
rCorr    .         Harm     .   u - +0 pair of gloves
MR       .....                  v - +2 pair of boots
Stlth    +.........             y - amulet of inaccuracy (curse)
HPRegen  0.17/turn              r - ring of flight
MPRegen  0.10/turn              (no ring)

@: no status effects
A: no striking features
a: Evoke Flight


You were on level 4 of the Dungeon.
You were hungry.

You visited 1 branch of the dungeon, and saw 4 of its levels.

You collected 122 gold pieces.

Inventory:

Hand Weapons
 a - a +0 hand axe (weapon)
Missiles
 j - 2 throwing nets
 p - 6 curare-tipped darts (quivered)
Armour
 b - a +0 robe
 d - a +0 ring mail (worn)
 n - a +0 cloak (worn)
 u - a +0 pair of gloves (worn)
 v - a +2 pair of boots (worn)
Jewellery
 r - a ring of flight (left hand)
 w - an uncursed ring of ice
 y - a cursed amulet of inaccuracy (around neck)
Scrolls
 f - 2 scrolls of teleportation {unknown}
 g - 3 scrolls of remove curse {unknown}
 i - a scroll of enchant weapon {unknown}
 k - 2 scrolls of magic mapping {unknown}
 m - a scroll of immolation {unknown}
 s - 2 scrolls of identify
 t - a scroll of amnesia {unknown}
Potions
 e - 3 potions of brilliance
 h - 5 potions of curing
 l - 2 potions of haste {unknown}
 o - a potion of invisibility {unknown}
 q - a potion of flight {unknown}
 x - a potion of degeneration {unknown}
 z - a potion of heal wounds {unknown}
Comestibles
 c - 4 rations


   Skills:
 - Level 3.6 Fighting
 + Level 9.1 Axes
 - Level 2.4 Dodging
 - Level 1.5 Stealth


You had 5 spell levels left.
You didn't know any spells.
Your spell library was empty.

Dungeon Overview and Level Annotations

Branches:
Dungeon (4/15)
 Temple: D:4-7

Altars:
Elyvilon
Kikubaaqudgha
Xom

Annotations:
D:4 Menkaure


Message History

Menkaure hits you but does no damage.
You are feeling hungry.
You closely miss Menkaure.
Menkaure is moderately damaged.
You hit Menkaure.
Menkaure is heavily damaged.
Menkaure casts a spell.
Menkaure seems to speed up.
You hit Menkaure.
Menkaure is severely damaged.
Menkaure hits you.
* * * LOW HITPOINT WARNING * * *
You hit Menkaure.
Menkaure is severely damaged.
Menkaure breathes soot at you. Menkaure closely misses you.
You closely miss Menkaure.
Menkaure is severely damaged.
Menkaure hits you!
You die...

....# .....# ..
...... #.. #M.....
#..# ....... #...
###.......
##...#####....#...
#......#.......#
#......@M.####..#
....##...### .$#
##### #...# ..#
#...####..## ..
###..##...# .
#.......#
#.#.....##
#####......#
#...#......##


You could see Menkaure (fast).

Vanquished Creatures
  A scorpion (D:4)
  Natasha (thrice) (D:3)
  A worker ant (D:3)
  4 gnolls (D:2)
  4 adders
  An ooze (D:2)
  2 worms
  3 dart slugs
  2 leopard geckos
  2 orcs (D:3)
  A ball python (D:3)
  8 bats
  4 giant cockroaches
  6 goblins
  3 hobgoblins
  7 frilled lizards
  6 kobolds
  6 rats
64 creatures vanquished.

Notes
Turn   | Place    | Note
-------+----------+-------------------------------------------
     0 | D:1      | Delamore the Hill Orc Monk began the quest for the Orb.
     0 | D:1      | Reached XP level 1. HP: 19/19 MP: 1/1
   124 | D:1      | Reached XP level 2. HP: 21/26 MP: 2/2
   430 | D:1      | Reached skill level 5 in Axes
   842 | D:2      | Reached XP level 3. HP: 18/31 MP: 3/3
  1144 | D:2      | Reached skill level 6 in Axes
  1473 | D:2      | Found a white marble altar of Elyvilon.
  1494 | D:2      | Reached XP level 4. HP: 30/39 MP: 4/4
  1747 | D:2      | Reached skill level 7 in Axes
  2423 | D:3      | Found a shimmering altar of Xom.
  2438 | D:3      | Reached XP level 5. HP: 22/45 MP: 5/5
  2540 | D:3      | Found an ancient bone altar of Kikubaaqudgha.
  2992 | D:3      | Noticed Natasha
  3005 | D:3      | Killed Natasha
  3005 | D:3      | Reached skill level 8 in Axes
  3141 | D:3      | Noticed Natasha
  3147 | D:3      | Killed Natasha
  3271 | D:3      | Noticed Natasha
  3274 | D:3      | Killed Natasha
  3274 | D:3      | Reached XP level 6. HP: 51/51 MP: 6/6
  3635 | D:4      | Reached skill level 9 in Axes
  3871 | D:4      | Noticed Menkaure
  3889 | D:4      | Mangled by Menkaure

Illustrated notes

Levels and vault maps discovered:
D:1:      dpeg_arrival_concentric_ovals, layout_rooms, patterned_corridor
D:2:      layout_basic, overflow_temple_1_default, first_ration
D:3:      layout_basic, chequers_temple_overflow_statue_of_worship,
          serial_glass, glass_columns_a, glass_columns_c, due_unseen_surprise,
          feat_on_display, uniq_natasha
D:4:      layout_layer_cave, uniq_menkaure

Skill      XL: |  1  2  3  4  5  6 |
---------------+-------------------+-----
Axes           | 5 6 7 8 9 |  9.1
Fighting       | |  3.6
Dodging        | |  2.4
Stealth        | |  1.5

Action                   |  1- 3 |  4- 6 || total
-------------------------+-------+-------++-------
Melee: Hand axe          |   125 |   139 ||   264
Throw: Dart              |       |     7 ||     7
  Use: Scroll            |       |     2 ||     2
 Stab: Sleeping          |       |     3 ||     3
  Eat: Chunk             |     2 |     7 ||     9
Armor: Ring mail         |    48 |    36 ||    84
Dodge: Dodged            |    60 |    75 ||   135
